 Dungeon Crawl Stone Soup version 0.31-a0-152-g6aa68a64a1 (webtiles) character file.

Game seed: 3443123245461860632

131 qw the Shooter (level 5, -1/49 HPs)
             Began as a Naga Hunter on June 10, 2023.
             Slain by Sigmund
             ... wielding a +1 heavy scythe
              (19 damage)
             ... on level 3 of the Dungeon.
             The game lasted 00:00:36 (1873 turns).

qw the Shooter (Naga Hunter)                        Turns: 1873, Time: 00:00:36

Health: -1/49      AC:  3    Str: 13    XL:     5   Next: 14%
Magic:  5/5        EV:  9    Int:  9    God:
Gold:   96         SH:  0    Dex: 17    Spells: 4/4 levels left

rFire   . . .        Y - +0 shortbow
rCold   . . .        (shield currently unavailable)
rNeg    . . .        c - +0 leather armour
rPois   +            (no helmet)
rElec   .            (no cloak)
rCorr   .            (no gloves)
SInv    +            (no barding)
Will    .....        (no amulet)
Stlth   ++           (no ring)
HPRegen 0.28/turn    (no ring)
MPRegen 0.09/turn

%: no passive effects
@: short of breath, very slow
A: AC +1, large, see invisible, deformed body, poison resistance, slowness 2,
spit poison 1, naga tail 1
a: Spit Poison


You were on level 3 of the Dungeon.
You visited 1 branch of the dungeon, and saw 3 of its levels.

You collected 156 gold pieces.
You spent 60 gold pieces at shops.


Innate Abilities, Weirdness & Mutations

Your serpentine skin is tough. (AC +1)
You have supernaturally acute eyesight. (SInv)
Armour fits poorly on your strangely shaped body.
Your system is resistant to poisons. (rPois)
You cover ground very slowly.
You can spit poison.
You have a snake-like lower body.


   Skills:
 - Level 3.0 Fighting
 + Level 5.3 Ranged Weapons
 - Level 1.5 Dodging
 - Level 1.5 Stealth


You had 4 spell levels left.
You didn't know any spells.
Your spell library was empty.

Inventory:

Hand Weapons
 Y - a +0 shortbow (weapon)
Armour
 c - a +0 leather armour (worn)
Scrolls
 a - a scroll of blinking {unknown}
 b - a scroll of poison {unknown}
Potions
 d - 2 potions of heal wounds

Dungeon Overview and Level Annotations

Branches:
Dungeon (3/15)

Altars:

Shops:
D:2 !

Annotations:
D:3 Sigmund


Message History

Sigmund points at you and mumbles some strange words.
You are confused.
You have got your breath back.
Sigmund hits you from afar with a +1 heavy scythe!
The rat bites you but does no damage. The rat barely misses you.
Sigmund misses you. The rat closely misses you.
You feel less confused. The rat barely misses you. Sigmund misses you.
1864 ||| INVOKING Spit Poison.
Aiming: Spit Poison (1% risk of failure)
Press: ? - help, Shift-Dir - straight line, f - rat, p - Sigmund The splash of poison misses the rat.
The rat barely misses you.
You shoot an arrow. The arrow barely misses the rat.
The rat closely misses you. Sigmund gestures at you while chanting.
You are confused.
The rat bites you. Sigmund hits you but does no damage. The rat bites you.
The rat barely misses you.
You have got your breath back.
Sigmund gestures at you while chanting. The magic dart hits you.
The rat barely misses you.
Sigmund hits you from afar with a +1 heavy scythe!
The rat barely misses you.
You feel less confused. The rat barely misses you.
1871 ||| INVOKING Spit Poison.
Aiming: Spit Poison (1% risk of failure)
Press: ? - help, Shift-Dir - straight line, f/p - rat The splash of poison hits the rat but does no damage.
The rat is poisoned.
The rat bites you. Sigmund barely misses you.
You shoot an arrow. The arrow hits the rat!
You kill the rat!
You shoot an arrow. The arrow hits Sigmund.
Sigmund is heavily wounded.
Sigmund hits you from afar with a +1 heavy scythe!!
You die...

..................#####
..................#
.................####
....................#
.......).........##.#
....................#
.................####
.................####
...............%@...#
######## ####........#
.....@......+
####........#
....##...## .###. ##.#
# .. .# #.# ##


You could see Sigmund.

Vanquished Creatures
  Jessica (D:3)
  Ijyb (D:3)
  An adder (D:2)
  2 gnolls (D:1)
  4 orcs (D:3)
  2 bats
  8 endoplasms
  3 giant cockroaches
  A goblin (D:1)
  3 hobgoblins
  2 jackals
  2 quokkas
  3 ball pythons (D:1)
  5 frilled lizards
  4 kobolds
  3 rats
45 creatures vanquished.

Notes
Turn   | Place    | Note
-------+----------+-------------------------------------------
     0 | D:1      | qw the Naga Hunter began the quest for the Orb.
     0 | D:1      | Reached XP level 1. HP: 19/19 MP: 1/1
     0 | D:1      | 0 ||| qw: Version: 0.2-a-122-gbc61b45
     0 | D:1      | 0 ||| qw: Game counter: 3558
     0 | D:1      | 0 ||| qw: Always use a shield: true
     0 | D:1      | 0 ||| qw: God list: Okawaru
     0 | D:1      | 0 ||| qw: Allow faded altars: false
     0 | D:1      | 0 ||| qw: Do Orc after D:15 true
     0 | D:1      | 0 ||| qw: Do second Lair branch before Depths: true
     0 | D:1      | 0 ||| qw: Lair rune preference: random
     0 | D:1      | 0 ||| qw: Plans: Normal
     0 | D:1      | 0 ||| PLANNING D:1-11
    25 | D:1      | 25 ||| INVOKING Spit Poison.
    28 | D:1      | Reached skill level 4 in Ranged Weapons
    28 | D:1      | Reached XP level 2. HP: 26/26 MP: 2/2
    87 | D:1      | 87 ||| INVOKING Spit Poison.
   463 | D:1      | 463 ||| INVOKING Spit Poison.
   466 | D:1      | Reached XP level 3. HP: 32/32 MP: 3/3
   477 | D:1      | 477 ||| INVOKING Spit Poison.
   730 | D:1      | 730 ||| INVOKING Spit Poison.
   743 | D:1      | 743 ||| INVOKING Spit Poison.
   817 | D:1      | 817 ||| READING scroll labelled DIKIRU ZEESUTA.
   818 | D:1      | 818 ||| READING scroll labelled XUCURR XIGIORCH.
   819 | D:1      | 819 ||| DROPPING scroll of butterflies.
   854 | D:2      | 854 ||| INVOKING Spit Poison.
   855 | D:2      | 855 ||| STAIRDANCE
   858 | D:1      | 858 ||| INVOKING Spit Poison.
   886 | D:2      | 886 ||| INVOKING Spit Poison.
   938 | D:2      | 938 ||| INVOKING Spit Poison.
   973 | D:2      | Found Xoffai's Distillery.
   983 | D:2      | 983 ||| INVOKING Spit Poison.
   986 | D:2      | 986 ||| BUYING potion of heal wounds (60 gold).
   986 | D:2      | Bought a potion of heal wounds for 60 gold pieces
   986 | D:2      | 986 ||| SHOPLISTING potion of might (48 gold, have 41).
   986 | D:2      | 986 ||| SHOPLISTING potion of mutation (96 gold, have 41).
  1019 | D:2      | 1019 ||| INVOKING Spit Poison.
  1081 | D:2      | 1081 ||| INVOKING Spit Poison.
  1194 | D:2      | 1194 ||| INVOKING Spit Poison.
  1239 | D:2      | 1239 ||| INVOKING Spit Poison.
  1358 | D:2      | 1358 ||| READING scroll labelled POLAOXASEI.
  1492 | D:3      | 1492 ||| INVOKING Spit Poison.
  1496 | D:3      | 1496 ||| INVOKING Spit Poison.
  1498 | D:3      | 1498 ||| STAIRDANCE
  1501 | D:2      | 1501 ||| INVOKING Spit Poison.
  1554 | D:3      | 1554 ||| INVOKING Spit Poison.
  1555 | D:3      | Reached skill level 5 in Ranged Weapons
  1560 | D:3      | Noticed Jessica
  1562 | D:3      | 1562 ||| INVOKING Spit Poison.
  1566 | D:3      | Killed Jessica
  1567 | D:3      | Reached XP level 4. HP: 35/40 MP: 4/4
  1611 | D:3      | Identified the +9 plate armour of the Contumacious God
                  | {Contam rElec rCorr}
  1613 | D:3      | 1613 ||| INVOKING Spit Poison.
  1617 | D:3      | 1617 ||| INVOKING Spit Poison.
  1621 | D:3      | 1621 ||| INVOKING Spit Poison.
  1699 | D:3      | 1699 ||| INVOKING Spit Poison.
  1712 | D:3      | Reached skill level 3 in Fighting
  1722 | D:3      | Noticed Ijyb
  1724 | D:3      | 1724 ||| INVOKING Spit Poison.
  1728 | D:3      | Killed Ijyb
  1729 | D:3      | Reached XP level 5. HP: 49/49 MP: 5/5
  1729 | D:3      | 1729 ||| INVOKING Spit Poison.
  1853 | D:3      | Noticed Sigmund
  1855 | D:3      | 1855 ||| INVOKING Spit Poison.
  1864 | D:3      | 1864 ||| INVOKING Spit Poison.
  1871 | D:3      | 1871 ||| INVOKING Spit Poison.
  1873 | D:3      | Slain by Sigmund

Levels and vault maps discovered:
D:1:      minmay_arrival_checkered_box, layout_basic, chequers_garden,
          patterned_corridor
D:2:      layout_rooms, serial_shops, shop
D:3:      layout_basic, uniq_jessica, uniq_sigmund, uniq_ijyb

Skill      XL: |  1  2  3  4 |
---------------+-------------+-----
Ranged Weapons | 4 5 |  5.3
Fighting       | 3 |  3.0
Dodging        | |  1.5
Stealth        | |  1.5

Action                     |  1- 3 |  4- 6 || total
---------------------------+-------+-------++-------
   Fire: Shortbow          |    45 |    38 ||    83
Ability: Spit Poison       |    20 |     9 ||    29
    Use: Scroll            |     3 |       ||     3
 Armour: Leather armour    |     4 |     3 ||     7
  Dodge: Dodged            |     5 |    21 ||    26

Table legend:
 A = Non-vault XP
 B = Vault XP
 C = Vault XP percentage of total XP
 D = Non-vault monster count
 E = Vault monster count
 F = Vault count percentage of total count
                 A         B        C        D         E       F
            +---------+---------+-------+---------+---------+-------
      Total |     115 |      73 |  38.8 |      43 |       2 |   4.4
            +---------+---------+-------+---------+---------+-------
        D:1 |      44 |       0 |   0.0 |      13 |       0 |   0.0
        D:2 |      33 |       0 |   0.0 |      12 |       0 |   0.0
        D:3 |      38 |      73 |  65.8 |      18 |       2 |  10.0
            +---------+---------+-------+---------+---------+-------
